 Dungeon Crawl Stone Soup version 0.19-a0-1513-gf6d23ed (webtiles) character file.

136490 Charly the Bludgeoner (level 16, -19/141 HPs)
             Began as a Demonspawn Wanderer on Sept 12, 2016.
             Was the Champion of Ru.
             Killed from afar by a deep elf knight (34 damage)
             ... with a stone arrow
             ... on level 3 of the Elven Halls.
             The game lasted 04:06:40 (15690 turns).

Charly the Bludgeoner (Demonspawn Wanderer)        Turns: 15690, Time: 04:06:41

Health: -19/141    AC: 37    Str: 24    XL:     16   Next: 66%
Magic:  16/16      EV:  4    Int: 14    God:    Ru [******]
Gold:   437        SH: 16    Dex: 24    Spells: 2 memorised, 13 levels left

rFire  + + +     SeeInvis .     e - +2 whip of Cruel Justice {pain, rElec rN+}
rCold  + . .     Gourm    .     i - +4 chain mail of the Evening Star {rC+ rCorr}
rNeg   + . .     Faith    .     c - +0 shield of Midsummer {MR+}
rPois  .         Spirit   .     (helmet unavailable)
rElec  +         Dismiss  .     n - +1 cloak "Noukaoh" {+Inv rF+++ rC- Slay-3}
rCorr  +         Reflect  +     O - +2 pair of gloves {Dex+3}
MR     +++..     Harm     .     o - +1 pair of boots
Stlth  ..........               M - amulet of Equivalence {Reflect +Inv SH+3 Stlth+}
                                w - +3 ring of strength
                                I - +6 ring of strength

@: exhausted, drained
A: horns 3, yellow scales 2, agile 1, cold resistance 1, foul stench 1, icemail,
magic resistance 1, robust 1, strong 1, rot immunity, freezing cloud immunity,
inability to use devices, hated by all, inability to train dodging, no fire
magic, no summoning magic, no transmutations magic, reduced EV 1
a: Draw Out Power, Power Leap, Apocalypse, Renounce Religion


You were on level 3 of the Elven Halls.
You worshipped Ru.
Ru was exalted by your worship.
You were not hungry.

You visited 7 branches of the dungeon, and saw 31 of its levels.
You also visited: Sewer, Ice Cave and Volcano.

You collected 2250 gold pieces.
You spent 1813 gold pieces at shops.

Inventory:

Hand Weapons
 a - a +8 eveningstar of flaming
 e - the +2 whip of Cruel Justice (weapon) {pain, rElec rN+}
   (You took it off an orc on level 8 of the Dungeon)

   In the hands of one skilled in necromantic magic, it inflicts extra damage on
   living creatures.
   It insulates you from electricity.
   It protects you from negative energy.
 h - the +10 mace "Johet" {crush, *Confuse rPois Str+8 Dex+4, unknown}
   (You took it off a deep elf demonologist on level 3 of the Elven Halls)

   It inflicts extra damage upon your enemies.
   It affects your strength (+8).
   It affects your dexterity (+4).
   It protects you from poison.
   It may confuse you when you take damage.
Missiles
 L - 3 throwing nets (quivered)
Armour
 c - the +0 shield of Midsummer (worn) {MR+}
   (You bought it in a shop on level 13 of the Dungeon)

   It affects your resistance to hostile enchantments.
 g - the +5 chain mail of Wisdom {Dex+3}
   (You bought it in a shop on level 13 of the Dungeon)

   It affects your dexterity (+3).
 i - the +4 chain mail of the Evening Star (worn) {rC+ rCorr}
   (You found it on level 7 of the Dungeon)

   It protects you from cold.
   It protects you from acid and corrosion.
 j - the +6 ring mail of the Beekeeper {SInv}
   (You took it off an orc on level 2 of the Orcish Mines)

   It lets you see invisible.
 l - a troll hide
 n - the +1 cloak "Noukaoh" (worn) {+Inv rF+++ rC- Slay-3}
   (You found it on level 3 of the Elven Halls)

   It affects your accuracy and damage with ranged weapons and melee attacks
   (-3).
   It renders you almost immune to fire.
   It makes you vulnerable to cold.
   It lets you turn invisible.
 o - a +1 pair of boots (worn)
 O - a +2 pair of gloves of dexterity (worn)
 P - a +1 buckler of cold resistance
Jewellery
 f - an uncursed ring of protection from fire
 q - an uncursed amulet of magic regeneration {unknown}
 v - an uncursed ring of protection from cold {unknown}
 w - a +3 ring of strength (right hand)
 C - an uncursed ring of resist corrosion
 I - a +6 ring of strength (left hand)
 M - the amulet of Equivalence (around neck) {Reflect +Inv SH+3 Stlth+}
   (You bought it in a shop on level 7 of the Dungeon)

   [amulet of reflection]

   It shields you and reflects attacks.
   It lets you turn invisible.
   It affects your SH (+3).
   It makes you more stealthy.
Scrolls
 s - a scroll of teleportation
 t - a scroll of brand weapon
 u - a scroll of enchant armour
 x - 5 scrolls of magic mapping
 D - 6 scrolls of identify
 H - 4 scrolls of remove curse
Potions
 b - 2 potions of agility
 k - a potion of might
 m - 5 potions of curing
 p - 4 potions of brilliance
 r - 2 potions of flight
Books
 y - Ts'ui Pên's Handbook of Forking Paths
   (You found it on level 12 of the Dungeon)

   Spells                             Type                      Level
   a - Confuse                        Hexes                        3
   b - Excruciating Wounds            Charms/Necromancy            5
   c - Silence                        Hexes/Air                    5
 J - a Necronomicon

   Spells                             Type                      Level
   a - Haunt                          Necromancy/Summoning         7
   b - Borgnjor's Revivification      Necromancy                   8
   c - Death's Door                   Charms/Necromancy            8
   d - Infestation                    Necromancy                   8
   e - Necromutation                  Transmutation/Necromancy     8
 N - a book of the Warp

   Spells                             Type                      Level
   a - Gell's Gravitas                Hexes/Translocation          3
   b - Force Lance                    Conjuration/Translocation    4
   c - Summon Forest                  Summoning/Translocation      5
   d - Dispersal                      Translocation                6
   e - Controlled Blink               Translocation                8
   f - Disjunction                    Translocation                8
Comestibles
 d - 8 meat rations
 z - 14 bread rations
 G - a fruit
 K - a beef jerky


   Skills:
 + Level 12.7(11.8) Fighting
   Level 1.0(0.4) Long Blades
 * Level 16.4(15.5) Maces & Flails
 - Level 12.5(11.6) Armour
 - Level 1.0(0.4) Stealth
 - Level 9.7(9.0) Shields
 - Level 13.2(12.4) Necromancy


You had 13 spell levels left.
You knew the following spells:

 Your Spells              Type           Power        Failure   Level  Hunger
a - Apportation           Tloc           #.........   100%        1    ##.....
A - Animate Skeleton      Necr           N/A          1%          1    ##.....


Dungeon Overview and Level Annotations

Branches:
Dungeon (15/15)            Temple (1/1) D:7            Lair (6/6) D:11
  Swamp (2/4) Lair:2        Snake (2/4) Lair:4        Slime (0/5) Lair:5
    Orc (2/2) D:11            Elf (3/3) Orc:2        Depths (0/5) D:15
 Vaults: D:13-14

Altars:
Ashenzari
Fedhas
Gozag
Hepliaklqana
Kikubaaqudgha
Makhleb
Nemelex Xobeh
Okawaru
Qazlal
Ru
Trog
Uskayaw
Vehumet
Xom
Zin
Beogh

Shops:
D:5 *   D:6 %   D:7 =   D:11 [*   D:12 (   D:13 [   D:15 ?   Orc:2 !%}[
Elf:2 =   Snake:1 }!((

Annotations:
D:4 zkyp's ghost, amateur HuGl
D:5 exclusions: downstairs and upstairs
D:6 Grinder
D:9 Erolcha; Prince Ribbit
D:12 1 exclusion
D:14 Charly's ghost, journeyman DEFE
Swamp:1 1 exclusion


Innate Abilities, Weirdness & Mutations

You have a pair of large horns on your head.
You are mostly covered in yellow scales. (AC +3)
Your flesh is cold resistant. (rC+)
You may emit foul miasma when damaged in melee.
A meltable icy envelope protects you from harm. (AC +10)
You are robust. (+10% HP)
You are immune to rotting.
You are immune to freezing clouds.
You cannot study or use magical devices.
You are hated by all.
You cannot train Dodging skill.
You cannot study or cast Fire magic.
You cannot study or cast Summoning magic.
You cannot study or cast Transmutations magic.
You have somewhat slow reflexes. (EV -3)
You are agile. (Dex +2)
You are resistant to hostile enchantments. (MR+)
Your muscles are strong. (Str +2)


Message History

Unknown command.
You hit the deep elf mage.
The deep elf mage writhes in agony.
Your headbutt misses the deep elf mage.
The deep elf mage is moderately wounded.
The deep elf knight begins to cast a spell, but is stunned by your will!
Unknown command.
You hit the deep elf mage.
The deep elf mage writhes in agony.
The deep elf mage is heavily wounded.
The deep elf knight casts a spell at you.
The stone arrow hits you!
* * * LOW HITPOINT WARNING * * *
You redirect the deep elf mage's attack!
The deep elf mage barely misses itself.
Okay, then.
Okay, then.
You miss the deep elf knight. You headbutt the deep elf knight!
The deep elf knight is moderately wounded.
The deep elf knight gestures at you while chanting.
The stone arrow hits you!
You die...

##### #######...##
...........##
##.##.......##
#.#........)##
#...........(####
#...............#
##............(e#
####.<.......#..@#
......[.)...###e##
##.........####.#
)...............##
[..).......###...###
#..........# #.)).)########
...........# #.[[.[..).##.#
#.........####..#..###e|)##
##..........######## ##)##


You could see a deep elf knight and a deep elf mage (blind).

Vanquished Creatures
  Saint Roka (Orc:2)
  2 Ice Fiends (IceCv)
  A deep elf blademaster (Elf:3)
  A thorn hunter (Swamp:2)
  3 deep elf sorcerers (Elf:3)
  2 deep elf elementalists (Elf:3)
  8 deep elf demonologists (Elf:3)
  6 dire elephants
  5 deep elf annihilators (Elf:3)
  Snorg (Lair:3)
  4 deep elf death magi (Elf:3)
  Fannar (Lair:3)
  Josephine (Swamp:1)
  A deep elf high priest (Elf:3)
  Harold (Lair:3)
  An ice dragon (Lair:6)
  5 hydras
  A ghost crab (Swamp:1)
  A catoblepas (D:15)
  10 alligators
  Erica (D:9)
  A centaur warrior (D:13)
  2 anacondas
  8 dancing weapons
  2 tengu warriors (D:13)
  4 orc high priests (Orc:2)
  3 deep elf knights
  An unseen horror (D:15)
  5 deep elf archers (Elf:3)
  2 hill giants
  A lindwurm (Lair:6)
  Pikel (D:5)
  2 wizards
  4 orc knights (Orc:2)
  A mana viper (Lair:4)
  A shining eye (shapeshifter) (Elf:3)
  31 deep elf magi
  3 cyclopes
  A wolf spider (D:15)
  A salamander (Snake:1)
  A wolf spider zombie (D:14)
  An orc sorcerer (Orc:2)
  An ugly thing (D:12)
  2 griffons
  A manticore (D:15)
  4 elephants (Lair:6)
  5 black mambas
  A guardian serpent (Lair:4)
  Psyche (D:9)
  2 gargoyles
  7 spiny frogs
  A centaur skeleton (D:11)
  5 rime drakes
  5 komodo dragons
  A harpy zombie (D:15)
  A yaktaur (D:15)
  12 ice devils (IceCv)
  6 trolls
  A polar bear (Lair:2)
  4 bog bodies
  8 two-headed ogres
  9 dream sheep
  11 blink frogs
  4 slime creatures (Swamp:1)
  3 air elementals
  A centaur simulacrum (D:13)
  A spriggan (Swamp:1)
  3 fire elementals
  A water elemental (Elf:3)
  3 shadows
  16 yaks
  4 basilisks
  5 wraiths
  3 fire bats (Volcano)
  2 wyverns
  2 humans (D:9)
  4 vampire mosquitoes (Swamp:1)
  5 hippogriffs
  A mottled dragon (D:14)
  6 wargs
  9 swamp worms
  Duvessa (D:6)
  5 water moccasins
  2 porcupines
  5 ice beasts
  2 sky beasts
  Purgy (Sewer)
  43 orc warriors
  2 black bears
  5 phantoms
  3 wasps
  3 boggarts (D:13)
  10 wolves (Lair:6)
  An eye of draining (D:15)
  19 ogres
  9 centaurs
  8 crocodiles
  A big kobold (D:9)
  11 giant frogs
  A gnoll sergeant (D:8)
  An earth elemental (Elf:3)
  A wyvern skeleton (D:10)
  Dowan (D:6)
  5 scorpions
  3 killer bees (D:11)
  A howler monkey (D:14)
  5 wights
  2 electric eels (Lair:2)
  3 crimson imps
  2 jellies
  4 centaur zombies
  A giant frog zombie (D:8)
  5 hounds
  26 orc priests
  23 orc wizards
  An iguana (D:11)
  10 worker ants
  A hound zombie (D:6)
  A hound skeleton (D:11)
  A worker ant zombie (D:6)
  3 gnolls
  A howler monkey skeleton (D:9)
  19 river rats
  2 adders
  2 shadow imps
  11 white imps
  5 ufetubi (IceCv)
  2 adder skeletons
  A worm (D:5)
  8 giant geckos
  98 orcs
  6 giant cockroaches
  A goblin (D:3)
  3 hobgoblins (D:2)
  14 jackals
  2 quokkas
  3 bats
  A giant gecko skeleton (D:5)
  5 giant newts
  A jackal skeleton (D:5)
  11 kobolds
  3 rats
  2 briar patches (Swamp:2)
  2 plants (Lair:6)
729 creatures vanquished.

Vanquished Creatures (others)
  A deep elf master archer (Elf:3)
  2 hydras
  An ice devil (IceCv)
  A bog body (Swamp:1)
  A blink frog (Lair:1)
  Menkaure (D:5)
  An ogre (Orc:2)
  A wolf (Lair:6)
  A crimson imp (D:5)
  A jelly (D:5)
  A hound skeleton (D:5)
  A white imp (Lair:6)
  4 ufetubi (IceCv)
  An orc (Orc:2)
  A fungus (Lair:4)
  4 plants (Lair:6)
23 creatures vanquished.

Grand Total: 752 creatures vanquished

Notes
Turn   | Place    | Note
-------+----------+-------------------------------------------
     0 | D:1      | Charly the Demonspawn Wanderer began the quest for the Orb.
     0 | D:1      | Charly set off with: a +2 mace, a +0 shortbow, 25 arrows, a scroll of teleportation, a +0 robe, a bread ration
     0 | D:1      | Reached XP level 1. HP: 18/18 MP: 1/1
   192 | D:2      | Reached skill level 2 in Maces & Flails
   254 | D:2      | Found a faded altar of an unknown god.
   291 | D:2      | Gained mutation: You have a pair of small horns on your head. [demonic ancestry]
   291 | D:2      | Reached XP level 2. HP: 14/24 MP: 2/2
   669 | D:5      | Entered Level 5 of the Dungeon
   695 | D:4      | Noticed zkyp's ghost (amateur HuGl)
   707 | D:5      | Reached skill level 3 in Maces & Flails
   707 | D:5      | Gained mutation: You are immune to rotting. [demonic ancestry]
   707 | D:5      | Reached XP level 3. HP: 14/29 MP: 3/3
   762 | D:5      | Reached skill level 4 in Maces & Flails
   762 | D:5      | Reached XP level 4. HP: 11/35 MP: 4/4
   875 | D:5      | Found Ananuawa's Assorted Antiques.
   892 | D:5      | Bought a glowing scimitar for 96 gold pieces
  1006 | D:5      | Found a glowing drain.
  1013 | Sewer    | Entered a sewer
  1112 | Sewer    | Noticed Purgy
  1133 | Sewer    | Gained mutation: You evolve. [potion of mutation]
  1133 | Sewer    | Gained mutation: You have a pair of horns on your head. [potion of mutation]
  1133 | Sewer    | Gained mutation: You are agile. (Dex +2) [potion of mutation]
  1156 | Sewer    | Killed Purgy
  1156 | Sewer    | Reached skill level 5 in Maces & Flails
  1156 | Sewer    | Reached XP level 5. HP: 19/41 MP: 5/5
  1313 | D:5      | Noticed a slave
  1635 | D:4      | Noticed an ogre
  1763 | D:6      | Noticed Grinder
  1767 | D:5      | Noticed Pikel
  1767 | D:5      | Noticed a slave
  1779 | D:5      | Noticed Menkaure
  1883 | D:6      | Gained mutation: You have a pair of large horns on your head. [demonic ancestry]
  1883 | D:6      | Reached XP level 6. HP: 37/47 MP: 6/6
  1942 | D:7      | Found Onus Sau's Jewellery Shoppe.
  1943 | D:7      | Noticed an ice beast
  2013 | D:6      | Found Zaqyim's Food Boutique.
  2065 | D:6      | Found a radiant altar of Vehumet.
  2098 | D:6      | Reached skill level 6 in Maces & Flails
  2123 | D:6      | Noticed Duvessa
  2149 | D:5      | Noticed a slave
  2150 | D:5      | Killed Pikel
  2150 | D:5      | Reached skill level 5 in Fighting
  2150 | D:5      | Reached skill level 7 in Maces & Flails
  2150 | D:5      | Mutation became permanent: You have a pair of large horns on your head. [demonic ancestry]
  2150 | D:5      | Reached XP level 7. HP: 27/56 MP: 7/7
  2233 | D:5      | Killed Menkaure
  2241 | D:5      | Gained mutation: You may emit foul miasma when damaged in melee. [demonic ancestry]
  2241 | D:5      | Reached XP level 8. HP: 42/62 MP: 8/8
  2278 | D:6      | Reached skill level 8 in Maces & Flails
  2292 | D:6      | Noticed Dowan
  2299 | D:6      | Killed Dowan
  2390 | D:6      | Learned a level 1 spell: Animate Skeleton
  2392 | D:6      | Learned a level 1 spell: Apportation
  2523 | D:7      | Found a hide-covered altar of Uskayaw.
  2580 | D:7      | Got a steaming chain mail
  2607 | D:8      | Identified the +4 chain mail of the Evening Star {rC+ rCorr} (You found it on level 7 of the Dungeon)
  2638 | D:7      | Reached skill level 1 in Armour
  2640 | D:7      | Found a staircase to the Ecumenical Temple.
  2651 | Temple   | Entered the Ecumenical Temple
  2685 | Temple   | Became a worshipper of Ru the Awakened
  2728 | D:6      | Killed Duvessa
  2787 | D:6      | Reached skill level 9 in Maces & Flails
  2877 | D:5      | Bought a shiny buckler for 108 gold pieces
  2928 | D:8      | Found a stormy altar of Qazlal.
  2947 | D:8      | Got an encrusted whip {pain}
  2948 | D:8      | Identified the cursed +2 whip of Cruel Justice {pain, rElec rN+} (You took it off an orc on level 8 of the Dungeon)
  3022 | D:8      | Gained mutation: Your flesh is cold resistant. (rC+) [demonic ancestry]
  3022 | D:8      | Reached XP level 9. HP: 68/68 MP: 9/9
  3113 | D:9      | Noticed Psyche
  3118 | D:9      | Killed Psyche
  3187 | D:9      | Found an iron altar of Okawaru.
  3220 | D:9      | Noticed Erica
  3232 | D:9      | Killed Erica
  3232 | D:9      | Reached skill level 10 in Maces & Flails
  3232 | D:9      | Reached skill level 5 in Armour
  3319 | D:9      | Noticed Erolcha
  3457 | D:10     | Entered Level 10 of the Dungeon
  3496 | D:10     | Gained mutation: You cannot study or cast Fire magic. [Ru sacrifice]
  3496 | D:10     | Gained mutation: You cannot study or cast Transmutations magic. [Ru sacrifice]
  3496 | D:10     | Gained mutation: You cannot study or cast Summoning magic. [Ru sacrifice]
  3496 | D:10     | Reached * piety under Ru
  3498 | D:10     | Paralysed by a wasp for 1 turns
  3579 | D:10     | Gained mutation: Your muscles are strong. (Str +2) [evolution]
  3598 | D:9      | Noticed Prince Ribbit
  3675 | D:10     | Gained mutation: You are partially covered in yellow scales. (AC +2) [demonic ancestry]
  3675 | D:10     | Reached XP level 10. HP: 39/74 MP: 10/10
  3870 | D:9      | Found a shimmering altar of Xom.
  3913 | D:9      | Paralysed by Erolcha for 7 turns
  3919 | D:9      | Found a blossoming altar of Fedhas.
  4270 | D:10     | Noticed a gargoyle
  4285 | D:10     | Killed a gargoyle
  4285 | D:10     | Reached skill level 11 in Maces & Flails
  4394 | D:11     | Reached skill level 1 in Necromancy
  4596 | D:11     | Found Ziroicvu's General Store.
  4648 | D:11     | Found Giroh Dasm's Antique Armour Shop.
  4726 | D:11     | Found a staircase to the Lair.
  4751 | D:11     | Found a staircase to the Orcish Mines.
  4763 | D:11     | Gained mutation: You are immune to freezing clouds. [demonic ancestry]
  4763 | D:11     | Reached XP level 11. HP: 60/84 MP: 11/11
  4932 | D:11     | Reached skill level 5 in Necromancy
  4973 | Orc:1    | Entered Level 1 of the Orcish Mines
  4994 | D:12     | Gained mutation: You cannot train Dodging skill. [Ru sacrifice]
  4994 | D:12     | Reached ** piety under Ru
  5004 | D:12     | Noticed a deep elf mage
  5004 | D:12     | Noticed a wizard
  5052 | D:12     | Found Pymefeck's Antique Weapon Boutique.
  5252 | D:12     | Identified the Compendium of Axaxaxas mlö
  5258 | D:12     | Identified Ts'ui Pên's Handbook of Forking Paths
  5320 | D:12     | Reached skill level 12 in Maces & Flails
  5328 | D:12     | Identified Situs's Reference Book on Vitriolic Self-Knowledge
  5392 | D:12     | Noticed a cyan ugly thing
  5406 | D:12     | Killed a cyan ugly thing
  5473 | D:13     | Found Nuorezi's Antique Armour Shop.
  5479 | D:13     | Noticed a tengu warrior
  5480 | D:13     | Noticed a tengu warrior
  5516 | D:13     | Killed a tengu warrior
  5534 | D:13     | Killed a tengu warrior
  5555 | D:14     | Noticed a hill giant
  5566 | D:13     | Noticed a hill giant
  5571 | D:14     | Noticed a tengu warrior
  5571 | D:14     | Noticed a tengu warrior
  5598 | D:14     | Noticed a hill giant
  5683 | D:14     | Noticed a centaur warrior
  5702 | D:13     | Killed a wizard
  5767 | D:13     | Noticed a deep elf mage
  5827 | D:13     | Killed a deep elf mage
  5848 | D:14     | Noticed Charly's ghost (journeyman DEFE)
  5853 | D:14     | Noticed a hill giant
  5858 | D:14     | Found a labyrinth entrance.
  5890 | D:14     | Noticed a fire crab
  6081 | D:13     | Bought a transparent shield for 332 gold pieces
  6091 | D:13     | Identified the cursed +0 shield of Midsummer {MR+} (You bought it in a shop on level 13 of the Dungeon)
  6186 | D:13     | Noticed a hill giant
  6188 | D:13     | Noticed a centaur warrior
  6195 | D:13     | Killed a hill giant
  6211 | D:13     | Killed a centaur warrior
  6230 | D:13     | Reached XP level 12. HP: 52/94 MP: 12/12
  6291 | D:13     | Gained mutation: You are resistant to hostile enchantments. (MR+) [evolution]
  6291 | D:13     | Lost mutation: You evolve. [end of evolution]
  6411 | D:14     | Noticed a five-headed hydra
  6548 | Orc:1    | Found a roughly hewn altar of Beogh.
  6606 | Orc:1    | Gained mutation: You are hated by all. [Ru sacrifice]
  6606 | Orc:1    | Reached *** piety under Ru
  6650 | Orc:2    | Entered Level 2 of the Orcish Mines
  7139 | Orc:2    | Noticed an orc high priest
  7219 | Orc:2    | Found Ciniet's Gadget Shop.
  7220 | Orc:2    | Noticed an orc high priest
  7453 | D:13     | Bought a crude chain mail for 332 gold pieces
  7463 | D:13     | Identified the +5 chain mail of Wisdom {Dex+3} (You bought it in a shop on level 13 of the Dungeon)
  7572 | D:15     | Entered Level 15 of the Dungeon
  7613 | D:15     | Noticed a four-headed hydra
  7627 | D:15     | Killed a four-headed hydra
  7685 | D:15     | Noticed a catoblepas
  7706 | D:15     | Killed a catoblepas
  7753 | D:15     | Gained mutation: You cannot study or use magical devices. [Ru sacrifice]
  7753 | D:15     | Reached **** piety under Ru
  7753 | D:15     | Reached ***** piety under Ru
  7788 | D:15     | Found Seushrin's Magic Scroll Shop.
  7796 | D:15     | Bought a scroll of remove curse for 48 gold pieces
  7796 | D:15     | Bought a scroll of teleportation for 48 gold pieces
  7906 | D:15     | Found an iron altar of Okawaru.
  7930 | D:15     | Reached skill level 5 in Shields
  8002 | D:15     | Noticed an eight-headed hydra
  8005 | D:15     | Killed an eight-headed hydra
  8014 | D:15     | Noticed a dire elephant
  8038 | D:15     | Killed a dire elephant
  8038 | D:15     | Reached skill level 10 in Fighting
  8152 | D:15     | Noticed an ogre mage
  8167 | D:15     | Gained mutation: You are robust. (+10% HP) [demonic ancestry]
  8167 | D:15     | Reached XP level 13. HP: 59/113 MP: 13/13
  8182 | D:15     | Found a staircase to the Depths.
  8375 | D:12     | Identified Sif Muna's Papyrus of Plaster Cramp
  8573 | Orc:2    | Reached skill level 10 in Armour
  8770 | Orc:2    | Reached skill level 10 in Necromancy
  8927 | Orc:2    | Found a roughly hewn altar of Beogh.
  9061 | Orc:2    | Gained mutation: You have somewhat slow reflexes. (EV -3) [Ru sacrifice]
  9061 | Orc:2    | Reached ****** piety under Ru
  9095 | Orc:2    | Found Pucvoudi's Distillery.
  9164 | Orc:2    | Found Gaopn's Food Shoppe.
  9346 | Orc:2    | Noticed Saint Roka
  9480 | Orc:2    | Killed Saint Roka
  9668 | Orc:2    | Found Cydeq's Armour Shoppe.
  9703 | Orc:2    | Found a roughly hewn altar of Beogh.
  9789 | Orc:2    | Got a warped ring mail
  9790 | Orc:2    | Identified the +6 ring mail of the Beekeeper {SInv} (You took it off an orc on level 2 of the Orcish Mines)
  9854 | Lair:1   | Entered Level 1 of the Lair of Beasts
  9905 | Lair:3   | Noticed Snorg
  9912 | Lair:3   | Killed Snorg
 10087 | Lair:4   | Found a staircase to the Snake Pit.
 10407 | Lair:5   | Gained mutation: You are mostly covered in yellow scales. (AC +3) [demonic ancestry]
 10407 | Lair:5   | Reached XP level 14. HP: 110/121 MP: 14/14
 10413 | Lair:6   | Entered Level 6 of the Lair of Beasts
 10722 | Lair:6   | Found a dark tunnel.
 10736 | Volcano  | Entered a volcano
 10756 | Volcano  | 22/3/12
 11043 | Lair:6   | Reached skill level 13 in Maces & Flails
 11171 | Lair:6   | Upgraded the game from 0.19-a0-1511-g16f215b to 0.19-a0-1513-gf6d23ed
 11691 | Lair:5   | Found a staircase to the Slime Pits.
 11889 | Lair:3   | Noticed Fannar
 11910 | Lair:3   | Killed Fannar
 11933 | Lair:3   | Noticed Harold
 11945 | Lair:3   | Killed Harold
 12282 | D:7      | Bought the amulet of Equivalence {Reflect +Inv SH+3 Stlth+} for 459 gold pieces
 12550 | Lair:2   | Found a staircase to the Swamp.
 12583 | Swamp:1  | Entered Level 1 of the Swamp
 12848 | Swamp:1  | Noticed Josephine
 12948 | Swamp:1  | Killed Josephine
 12948 | Swamp:1  | Reached XP level 15. HP: 89/126 MP: 15/15
 12993 | Swamp:1  | Found a frozen archway.
 13012 | IceCv    | Entered an ice cave
 13177 | IceCv    | Noticed an Ice Fiend
 13177 | IceCv    | Noticed an Ice Fiend
 13203 | IceCv    | Killed an Ice Fiend
 13214 | IceCv    | Killed an Ice Fiend
 13214 | IceCv    | Reached skill level 14 in Maces & Flails
 13400 | Swamp:1  | 26/4/16
 13401 | Swamp:2  | Noticed a thorn hunter
 13421 | Swamp:2  | Killed a thorn hunter
 13749 | Snake:1  | Entered Level 1 of the Snake Pit
 13773 | Snake:1  | Found Xelomowuir's Distillery.
 13776 | Snake:1  | Found Xufownau's Weapon Boutique.
 13776 | Snake:1  | Found Zatteg's Gadget Shop.
 13779 | Snake:1  | Found Nifeiro's Antique Weapon Boutique.
 13787 | Snake:1  | Bought a runed eveningstar for 390 gold pieces
 14052 | Orc:2    | Found a staircase to the Elven Halls.
 14074 | Elf:1    | Entered Level 1 of the Elven Halls
 14481 | Elf:2    | Found Woha's Jewellery Shoppe.
 14540 | Elf:3    | Entered Level 3 of the Elven Halls
 14784 | Elf:3    | Identified the +1 cloak "Noukaoh" {+Inv rF+++ rC- Slay-3} (You found it on level 3 of the Elven Halls)
 14931 | Elf:3    | Noticed a deep elf sorcerer
 14937 | Elf:3    | Noticed a deep elf sorcerer
 14939 | Elf:3    | Killed a deep elf sorcerer
 14961 | Elf:3    | Reached skill level 15 in Maces & Flails
 14967 | Elf:3    | Noticed a deep elf sorcerer
 14978 | Elf:3    | Killed a deep elf sorcerer
 14978 | Elf:3    | Gained mutation: A meltable icy envelope protects you from harm. (AC +10) [demonic ancestry]
 14978 | Elf:3    | Reached XP level 16. HP: 128/138 MP: 10/16
 15573 | Elf:3    | Noticed a deep elf master archer
 15573 | Elf:3    | Noticed a deep elf blademaster
 15576 | Elf:3    | Killed a deep elf master archer
 15591 | Elf:3    | Killed a deep elf blademaster
 15595 | Elf:3    | Reached skill level 16 in Maces & Flails
 15618 | Elf:3    | Got a bloodstained mace {crush}
 15690 | Elf:3    | Killed from afar by a deep elf knight

Vault maps used:
D:1:      sevenhm_arrival_forest_fort_large_2, minivault_11
D:2:      ecumenical_altar_1, uniq_sigmund
D:3:      first_bread, minmay_misc_feat_alley, trog_hazing_becter
D:4:      kennysheep_ying_yang, minitemple
D:5:      gup_sewer_entry_bubbles, serial_shops, shop, uniq_pikel, uniq_menkaure
D:6:      vehumet_crystals, serial_shops, kennysheep_mini_moat, corner_web_ring,
          uniq_grinder, uniq_duvessa
D:7:      led_sif_book, eat_drink_and_be_merry_uskayaw, serial_shops,
          nicolae_shop_window_shopping
D:8:      nicolae_overflow_crystal_walls
D:9:      cheibriados_altar_wand_db, overflow_temple_1_default,
          lemuel_round_altar, okawaru_humans, uniq_psyche, uniq_erolcha,
          uniq_erica, uniq_prince_ribbit1
D:11:     dpeg_lair_monsters, orc_0_dummy, serial_shops, shop, shop,
          hangedman_ranch, moated_statue
D:12:     serial_shops, nicolae_shop_stone, bh_hangedman_babel_library
D:13:     serial_shops, shop_statue, guppyfry_shop_venom
D:14:     david_vaults_4, lab_entry_generic, minmay_misc_feat_more_columns
D:15:     hangedman_depths_entry_try_elsewhere_first, serial_shops, shop,
          minmay_misc_feat_tiny, basic_altar, grunt_ministairs_2
Temple:   compressed_dpeg_triangle_lava_temple
Lair:1:   grunt_megastairs_4
Lair:2:   nicolae_swamp_entry_splash_gauntlet, st_stairs_3, serial_bayou_shore_a
Lair:3:   lemuel_fruit_tree, lemuel_fruit_fields, grunt_megastairs_1,
          uniq_snorg, uniq_fannar, uniq_harold
Lair:4:   minmay_snake_entry_spellcaster, serial_bayou_shore_b
Lair:5:   slime_dummy
Lair:6:   due_jungle_book, nicolae_volcano_entry_vermiform,
          bobbens_ice_dragon_lair
Swamp:1:  portal_ice_cave_entry_pillars_1, evilmike_swamp_ruin_rubble_1,
          uniq_josephine
Swamp:2:  serial_swamp_ruin, hangedman_swamp_ruin_wall,
          evilmike_swamp_ruin_house_1, evilmike_swamp_ruin_rubble_2, swamp_pool3
Snake:1:  grunt_ministairs_7, minmay_shoptagon, grunt_megastairs_2,
          serial_bayou_shore_b
Snake:2:  serial_shops, shop_statue, shop, shop, shop,
          nicolae_shop_window_shopping, serial_bayou_shore_b, uniq_aizul,
          uniq_roxanne
Orc:1:    basic_altar
Orc:2:    pubby_orc_utopia
Elf:1:    evilmike_minifort
Elf:2:    serial_shops, shop, nrook_uturn
Elf:3:    grunt_elf_hall_asides, serial_shops, bzr_entry_islet,
          grunt_megastairs_5
Sewer:    kennysheep_door_sewer
IceCv:    ice_cave_small_demon
Volcano:  volcano_village

Skill      XL: |  1  2  3  4  5  6  7  8  9 10 11 12 13 14 15 16 |
---------------+-------------------------------------------------+-----
Maces & Flails | 2 3 4 5 7 9 10 11 12 13 15 16 | 16.4
Fighting       | 5 7 8 10 11 12 | 12.7
Dodging        | 2 0 |  0.0
Armour         | 3 6 7 8 9 11 12 | 12.5
Necromancy     | 4 7 9 11 12 13 | 13.2
Shields        | 2 5 7 9 |  9.7
Evocations     | 0 |  0.0
Long Blades    | |  1.0
Stealth        | |  1.0

Action                   |  1- 3 |  4- 6 |  7- 9 | 10-12 | 13-15 | 16-18 || total
-------------------------+-------+-------+-------+-------+-------+-------++-------
Melee: Mace              |    72 |   181 |       |       |       |       ||   253
       Headbutt          |     7 |    35 |    70 |   324 |   465 |    43 ||   944
       Whip              |       |       |   316 |  1139 |  1082 |    11 ||  2548
       Flail             |       |       |       |     6 |   151 |       ||   157
       Eveningstar       |       |       |       |       |   160 |   145 ||   305
 Fire: Shortbow          |     8 |    12 |       |       |       |       ||    20
Throw: Throwing net      |       |       |       |       |       |     1 ||     1
Invok: Sacrifice Arcana  |       |       |     1 |       |       |       ||     1
       Sacrifice Nimblen |       |       |       |     1 |       |       ||     1
       Draw Out Power    |       |       |       |     2 |     4 |     4 ||    10
       Power Leap        |       |       |       |     1 |    34 |     7 ||    42
       Sacrifice Artific |       |       |       |     1 |       |       ||     1
       Sacrifice Love    |       |       |       |     1 |       |       ||     1
       Apocalypse        |       |       |       |       |     2 |       ||     2
       Sacrifice Health  |       |       |       |       |     1 |       ||     1
Evoke: Wand              |       |       |    10 |    21 |       |       ||    31
  Use: Potion            |       |    10 |       |     9 |    10 |     6 ||    35
       Scroll            |       |     3 |    14 |    10 |    12 |     4 ||    43
 Stab: Sleeping          |       |     2 |       |       |     1 |       ||     3
       Invisible         |       |     2 |       |     3 |    24 |     6 ||    35
       Distracted        |       |       |       |     5 |     7 |       ||    12
       Paralysed         |       |       |       |     5 |     7 |       ||    12
       Petrified         |       |       |       |     4 |       |       ||     4
  Eat: Beef jerky        |     1 |       |     1 |     2 |     1 |       ||     5
       Fruit             |     1 |       |     3 |       |     7 |       ||    11
       Chunk             |       |     4 |     1 |    13 |    11 |     3 ||    32
       Pizza             |       |       |       |       |     5 |       ||     5
Armor: Robe              |    25 |    50 |       |       |       |       ||    75
       Skin              |       |    46 |       |    38 |       |       ||    84
       Ring mail         |       |    39 |     8 |       |       |       ||    47
       Chain mail        |       |       |    96 |   348 |   438 |    49 ||   931
Dodge: Dodged            |    47 |   149 |    56 |   140 |    99 |    15 ||   506
Block: Buckler           |       |       |    33 |    95 |       |       ||   128
       Reflection        |       |       |     2 |     3 |    11 |     6 ||    22
       Shield            |       |       |       |   133 |   523 |    61 ||   717
